 Dungeon Crawl Stone Soup version 0.28-a0-1142-gc8569940dd (webtiles) character file.

Game seed: 15331631943875415320

98 Essalna the Firebug (level 4, -2/30 HPs)
             Began as a Demonspawn Fire Elementalist on Dec 13, 2021.
             Slain by a kobold brigand (6 damage)
             ... on level 3 of the Dungeon.
             The game lasted 00:03:30 (2311 turns).

Essalna the Firebug (Demonspawn Fire Elementalist)  Turns: 2311, Time: 00:03:31

Health: -2/30      AC:  3    Str:  8    XL:     4   Next: 44%
Magic:  7/8        EV: 12    Int: 19    God:
Gold:   109        SH:  5    Dex: 13    Spells: 6/9 levels left

rFire   + . .      SeeInvis .   e - +0 dagger
rCold   . . .      Faith    .   (no shield)
rNeg    . . .      Spirit   .   a - +0 robe
rPois   .          Reflect  +   h - +0 helmet
rElec   .          Harm     .   (no cloak)
rCorr   .          Rampage  .   (no gloves)
Will    +....                   (no boots)
Stlth   +.........              m - amulet of reflection
HPRegen 0.10/turn               g - ring of protection from fire
MPRegen 0.11/turn               j - ring of willpower

@: lethally poisoned (-2 -> -7), attractive, slowed, very slow
A: ignite blood 1, spiny 1
a: no special abilities


You were on level 3 of the Dungeon.
You visited 1 branch of the dungeon, and saw 3 of its levels.

You collected 109 gold pieces.

Inventory:

Hand Weapons
 e - a +0 dagger (weapon)
Armour
 a - a +0 robe (worn)
 h - a +0 helmet (worn)
Jewellery
 g - a ring of protection from fire (left hand)
 j - a ring of willpower (right hand)
 m - an amulet of reflection (around neck)
Wands
 c - a wand of flame (28)
Scrolls
 b - 3 scrolls of identify {unknown}
 n - a scroll of fog {unknown}
Potions
 d - a potion of attraction
 f - a potion of mutation {unknown}
 i - a potion of berserk rage {unknown}
 k - a potion of brilliance {unknown}
 l - 2 potions of lignification {unknown}


   Skills:
 - Level 1.7 Dodging
 - Level 1.7 Stealth
 + Level 3.0 Spellcasting
 + Level 2.5 Conjurations
 + Level 3.5 Fire Magic


You had 6 spell levels left.
You knew the following spells:

 Your Spells              Type           Power      Damage    Failure   Level
a - Foxfire               Conj/Fire      56%        2x1d6     4%          1
b - Scorch                Fire           32%        2d6       5%          2

Your spell library contained the following spells:

 Spells                   Type           Power      Damage    Failure   Level
 Conjure Flame            Conj/Fire      14%        6-21      13%         3
 Animate Skeleton         Necr           4%         N/A       16%         1
 Pain                     Necr           8%         1d4       16%         1
 Ensorcelled Hibernation  Hex/Ice        4%         N/A       22%         2
 Inner Flame              Hex/Fire       9%         N/A       22%         3
 Ozocubu's Armour         Ice            2%         N/A       41%         3
 Spider Form              Tmut/Pois      2%         N/A       41%         3
 Vampiric Draining        Necr           2%         2d6       41%         3
 Flame Wave               Conj/Fire      14%        2d5       41%         4
 Ozocubu's Refrigeration  Ice            1%         4d5       100%        7


Dungeon Overview and Level Annotations

Branches:
Dungeon (3/15)

Altars:


Innate Abilities, Weirdness & Mutations

Your demonic aura sometimes causes spilled blood to erupt in flames.
You are partially covered in sharp spines.


Message History

You barely miss the kobold.
The kobold is heavily wounded.
The kobold is struck by your spines.
You kill the kobold!
You block the kobold brigand's attack.
You see here a +0 dagger.
You enter the shallow water.
Moving in this stuff is going to be slow.
The kobold brigand throws a curare-tipped dart.
The curare-tipped dart hits you.
You are poisoned.
You have difficulty breathing.
You feel yourself slow down.
A hobgoblin comes into view. It is wielding a +0 club.
You feel extremely sick. The kobold brigand barely misses you.
Casting: Foxfire (safe; 4% risk of failure)
Confirm with . or Enter, or press ? or * to list all spells.
You conjure some foxfire!
You feel very sick. The kobold brigand barely misses you.
The kobold brigand is struck by your spines.
The kobold brigand hits you with a +2 dagger of speed.
* * * LOW HITPOINT WARNING * * *
You block the kobold's attack.
The kobold brigand splashes around in the water.
It was a potion of attraction.
You feel attractive to monsters.
You feel sick.
The foxfire hits the kobold brigand but does no damage.
The kobold brigand is lightly wounded.
The foxfire hits the kobold brigand.
The kobold brigand is moderately wounded.
A kobold brigand comes into view.
It is wielding a +0 mace and quivering curare-tipped darts.
The kobold brigand is engulfed in a cloud of scalding steam.
The kobold brigand hits you with a +2 dagger of speed.
* * * LOW HITPOINT WARNING * * *
The kobold is struck by your spines. The kobold misses you.
The kobold brigand is engulfed in a cloud of scalding steam.
The kobold brigand hits you with a +2 dagger of speed.
You die...

### ... #.. #≈# #.# #..
##≈# #.# #.. ##
#≈≈####.# #..
#..##≈≈.....# #..
#K.#≈≈≈≈###.#########..
#..#≈≈≈≈# #.##.........
#..#≈§≈≈###....)†......
#..##≈@###...#.........
#.
##..#KK##.....#######..
##..# #..#≈.#.).....#
#..
......#))#..#.......#
#.. #...)..##.......#
#.. ##########.......
#.. ##...#.## ..
###.#.# .. .. .#


You could see 2 kobold brigands and a kobold.

Vanquished Creatures
  4 adders
  A worm (D:2)
  2 dart slugs (D:3)
  4 ball pythons
  5 bats
  4 endoplasms
  3 giant cockroaches
  5 goblins (D:1)
  3 hobgoblins
  6 jackals (D:1)
  A quokka (D:2)
  3 frilled lizards (D:1)
  8 kobolds
  5 rats
54 creatures vanquished.

Vanquished Creatures (others)
  105 foxfires
105 creatures vanquished.

Grand Total: 159 creatures vanquished

Notes
Turn   | Place    | Note
-------+----------+-------------------------------------------
     0 | D:1      | Essalna the Demonspawn Fire Elementalist began the quest
                  | for the Orb.
     0 | D:1      | Reached XP level 1. HP: 13/13 MP: 3/3
     3 | D:1      | You fall into a shaft and drop 1 floor!
   146 | D:2      | Gained mutation: You are partially covered in sharp spines.
                  | [demonic ancestry]
   146 | D:2      | Reached XP level 2. HP: 19/19 MP: 0/5
   522 | D:1      | Gained mutation: Your demonic aura sometimes causes spilled
                  | blood to erupt in flames. [demonic ancestry]
   522 | D:1      | Reached XP level 3. HP: 24/24 MP: 6/6
  1487 | D:2      | Found a faded altar of an unknown god.
  2001 | D:3      | Reached XP level 4. HP: 30/30 MP: 5/8
  2036 | D:3      | Learned a level 2 spell: Scorch
  2297 | D:3      | Noticed a kobold brigand
  2311 | D:3      | Noticed a kobold brigand
  2311 | D:3      | Slain by a kobold brigand

Illustrated notes

Levels and vault maps discovered:
D:1:      grunt_arrival_crossed_arrows, layout_loops_cross
D:2:      layout_basic, basic_ecumenical_altar, minmay_tetromino_o4
D:3:      cheibrodos_thug_alley, layout_loops_cross,
          mainiacjoe_overflow_boulevard

Skill      XL: |  1  2  3  4 |
---------------+-------------+-----
Fire Magic     | 3 |  3.5
Conjurations   | 2 |  2.5
Spellcasting   | 3 |  3.0
Dodging        | |  1.7
Stealth        | |  1.7

Action                   |  1- 3 |  4- 6 || total
-------------------------+-------+-------++-------
Melee: Dagger            |    66 |    16 ||    82
 Cast: Foxfire           |    45 |    17 ||    62
  Use: Potion            |       |     1 ||     1
 Stab: Sleeping          |     1 |     1 ||     2
Armor: Robe              |    17 |     3 ||    20
Dodge: Dodged            |    40 |    10 ||    50
Block: Other             |     1 |     4 ||     5

Table legend: (Time is in decaauts)
 A = Elapsed time spent in this place.
 B = Non-inter-level travel time spent in this place.
 C = Inter-level travel time spent in this place.
 D = Time resting spent in this place.
 E = Time spent auto-exploring this place.
 F = Levels seen in this place.
 G = Mean time per level.
                   A        B        C        D        E       F      G
               +--------+--------+--------+--------+--------+-----+--------+
         Total |   2316 |   2239 |     77 |      0 |   1852 |   3 |  772.0 |
       Dungeon |   2316 |   2239 |     77 |      0 |   1852 |   3 |  772.0 |
               +--------+--------+--------+--------+--------+-----+--------+

Top non-repeatable levels by time:
     D:2: 981 daAuts
     D:1: 978 daAuts
     D:3: 356 daAuts
